 Dungeon Crawl Stone Soup version 0.19-a0-1193-g2641e52 (webtiles) character file.

97 jacquesderrida the Sneak (level 4, 0/22 HPs)
             Began as a Vine Stalker Wanderer on Aug 19, 2016.
             Succumbed to an orc's poison
             ... on level 3 of the Dungeon.
             The game lasted 00:01:58 (434 turns).

jacquesderrida the Sneak (Vine Stalker Wanderer)     Turns: 434, Time: 00:01:59

Health: 0/22       AC:  2    Str: 19    XL:     4   Next: 68%
Magic:  1/5        EV: 11    Int: 13    God:
Gold:   35         SH:  0    Dex: 14    Spells: 0 memorised, 3 levels left

rFire  . . .     SeeInvis .     a - +2 mace
rCold  . . .     Gourm    .     d - +0 robe
rNeg   . . .     Faith    .     (no shield)
rPois  .         Spirit   +     (no helmet)
rElec  .         Dismiss  .     (no cloak)
rCorr  .         Reflect  .     (no gloves)
MR     .....     Harm     .     (no boots)
Stlth  +++.......               (no amulet)
                                (no ring)
                                (no ring)

@: mighty, lethally poisoned (0 -> -1)
A: fangs 2, regeneration 1, magic shield, antimagic bite, no device heal 3, rot
immunity
a: no special abilities


You were on level 3 of the Dungeon.
You were not hungry.

You visited 1 branch of the dungeon, and saw 4 of its levels.

You collected 35 gold pieces.

Inventory:

Hand Weapons
 a - a +2 mace (weapon)
Armour
 d - a +0 robe (worn)
Scrolls
 b - a scroll of blinking {unknown}
 c - a scroll of teleportation
 e - a scroll of identify {unknown}
Potions
 g - a potion of flight {unknown}
 h - a potion of might
 i - 2 potions of curing {unknown}
Comestibles
 f - a bread ration
 j - 3 fruits


   Skills:
 - Level 1.0 Fighting
   Level 1.7 Short Blades
 + Level 4.0 Maces & Flails
 - Level 1.0 Armour
 - Level 4.8 Stealth
   Level 1.0 Shields


You had 3 spell levels left.
You didn't know any spells.

Dungeon Overview and Level Annotations

Branches:
Dungeon (4/15)
 Temple: D:4-7

Altars:
Gozag


Innate Abilities, Weirdness & Mutations

You have extremely sharp teeth.
Your natural rate of healing is unusually fast.
When hurt, damage is shared between your health and your magic reserves.
Your bite disrupts and absorbs the magic of your enemies.
Potions and wands cannot restore your health.
You are immune to rotting.


Message History

The orc hits you with a short sword of venom.
* * * LOW HITPOINT WARNING * * *
You are poisoned.
The orc barely misses you.
There is a stone staircase leading down here.
* * * LOW HITPOINT WARNING * * *
You feel sick. The orc closely misses you. The orc hits you but does no damage.
Unknown command.
* * * LOW HITPOINT WARNING * * *
You feel sick. The jackal barely misses you.
* * * LOW HITPOINT WARNING * * *
You feel sick. The orc hits you with a club.
* * * LOW HITPOINT WARNING * * *
The jackal bites you.
* * * LOW HITPOINT WARNING * * *
You feel sick.
It was a potion of might.
You feel very mighty all of a sudden.
You die...

####.....# .....#...###
#.##........
#.##>.#.#######
#.##...........
######.##...#............#
#.....†...#†..o### ....
#.####.......o.#####...!.
#.# #........ooh@....#...
#.# #..#####.#######.#..##
#<###..# #.# .....
...##..# #.# #..# #..##..#
#.# #)o# #..##..# #.# #.r#
#..##..# #.# #..# #......#
#.# #oo# ....##.# #.#
#.s#####.##


You could see 3 orcs and a jackal.

Vanquished Creatures
  An orc priest (D:3)
  A hound (D:4)
  An orc wizard (D:4)
  An orc (D:3)
  2 bats
  2 giant cockroaches
  A goblin (D:2)
  A quokka (D:3)
  A giant newt (D:3)
  3 rats
14 creatures vanquished.

Notes
Turn   | Place    | Note
-------+----------+-------------------------------------------
     0 | D:1      | jacquesderrida the Vine Stalker Wanderer began the quest for the Orb.
     0 | D:1      | jacquesderrida set off with: a +2 mace, a +0 short sword, a scroll of teleportation, a +0 robe, a +0 dagger, a bread ration
     0 | D:1      | Reached XP level 1. HP: 10/10 MP: 2/2
   215 | D:2      | Found an opulent altar of Gozag.
   238 | D:3      | Reached XP level 2. HP: 12/14 MP: 1/3
   289 | D:3      | Reached XP level 3. HP: 6/18 MP: 2/4
   337 | D:4      | Reached XP level 4. HP: 3/22 MP: 0/5
   430 | D:3      | HP: 1/22 [orc/club (1)]
   434 | D:3      | Succumbed to an orc's poison

Vault maps used:
D:1:      eino_arrival_tree_alley, hangedman_decor_clover_reticule,
          nemelex_diamond_rough_becter
D:2:      lemuel_crystal_altar, first_bread
D:3:      ecumenical_altar_1, nicolae_ru_awakened_eye
D:4:      tgw_xom, uniq_pikel, uniq_edmund

Skill      XL: |  1  2  3  4 |
---------------+-------------+-----
Maces & Flails | 2 3 4 |  4.0
Fighting       | |  1.0
Short Blades   | |  1.7
Armour         | |  1.0
Stealth        | |  4.8
Shields        | |  1.0

Action                   |  1- 3 |  4- 6 || total
-------------------------+-------+-------++-------
Melee: Mace              |    33 |    11 ||    44
       Bite              |     8 |     2 ||    10
  Use: Potion            |       |     1 ||     1
 Stab: Sleeping          |     1 |       ||     1
Armor: Robe              |    10 |     4 ||    14
Dodge: Dodged            |    34 |    13 ||    47
